 Dungeon Crawl Stone Soup version 0.30.0-19-g36f170ea60 (webtiles) character file.

Game seed: 2796198993514502421

3424 sizableburger the Trooper (level 10, -2/96 HPs)
             Began as a Kobold Air Elementalist on May 23, 2023.
             Was a Follower of the Shining One.
             Slain by a boulder beetle (3 damage)
             ... on level 8 of the Dungeon on May 31, 2023.
             The game lasted 00:32:08 (10720 turns).

sizableburger the Trooper (KoAE)                   Turns: 10720, Time: 00:32:08

Health: -2/96      AC: 25    Str:  6    XL:     10   Next: 25%
Magic:  7/20       EV:  3    Int: 20    God:    the Shining One [*.....]
Gold:   580        SH:  0    Dex: 16    Spells: 10/23 levels left

rFire   . . .        l - +2 dagger (venom)
rCold   . . .        (no shield)
rNeg    . . .        a - melded +0 robe
rPois   +            o - melded +0 helmet
rElec   .            v - melded +1 cloak
rCorr   .            f - melded +0 pair of gloves
SInv    .            (boots currently unavailable)
Will    .....        (no amulet)
Stlth   ++           (no ring)
HPRegen 0.36/turn    (no ring)
MPRegen 0.17/turn

%: no passive effects
@: mighty, tree-form, glowing, invisible (but backlit and visible)
A: stationary, stasis, torment immunity, boosted hp, small, no large weapons,
nightstalker 3
a: Renounce Religion, Divine Shield


You were on level 8 of the Dungeon.
You worshipped the Shining One.
The Shining One was aware of your devotion.
You were a tree.
You visited 2 branches of the dungeon, and saw 10 of its levels.

You collected 580 gold pieces.

Inventory:

Hand Weapons
 l - a +2 dagger of venom (weapon)
Armour
 a - a +0 robe (melded)
 f - a +0 pair of gloves (melded)
 o - a +0 helmet (melded)
 v - a +1 cloak (melded)
Wands
 w - a wand of roots (7)
 y - a wand of charming (8)
Scrolls
 h - a scroll of enchant armour
 k - a scroll of teleportation
 m - 4 scrolls of fog
 q - 3 scrolls of brand weapon
 r - a scroll of magic mapping
 s - 2 scrolls of identify
 u - 3 scrolls of enchant weapon
 z - a scroll of poison {unknown}
 B - a scroll of amnesia
Potions
 b - 2 potions of magic
 c - a potion of lignification
 e - 3 potions of flight
 i - 2 potions of resistance
 j - 2 potions of cancellation
 n - 2 potions of attraction
 p - a potion of haste
 t - a potion of experience {unknown}
 x - a potion of mutation {unknown}


   Skills:
 + Level 7.7 Fighting
 - Level 1.2 Short Blades
 + Level 6.0 Dodging
 - Level 3.2 Stealth
 - Level 7.2 Spellcasting
 - Level 2.0 Conjurations
 + Level 3.2 Hexes
 + Level 3.2 Fire Magic
 - Level 7.2 Air Magic


You had 10 spell levels left.
You knew the following spells:

 Your Spells              Type           Power      Damage    Failure   Level
a - Shock                 Conj/Air       100%       1d9       1%          1
b - Static Discharge      Conj/Air       50%        2-5/arc   1%          2
c - Airstrike             Air            18%        2d(3-19)  4%          4
d - Swiftness             Air            36%        N/A       1%          3
e - Inner Flame           Hex/Fire       20%        N/A       8%          3

Your spell library contained the following spells:

 Spells                   Type           Power      Damage    Failure   Level
 Scorch                   Fire           40%        2d6       3%          2
 Tukima's Dance           Hex            20%        N/A       8%          3
 Sublimation of Blood     Necr           7%         N/A       14%         2
 Wereblood                Tmut           7%         N/A       14%         2
 Portal Projectile        Hex/Tloc       26%        N/A       14%         3
 Cause Fear               Hex            10%        N/A       24%         4
 Flame Wave               Conj/Fire      17%        2d7       30%         4
 Yara's Violent Unravell  Hex/Tmut       6%         3d5       78%         5
 Blade Hands              Tmut           3%         N/A       95%         5
 Summon Cactus Giant      Summ           3%         N/A       100%        6
 Dragon Form              Tmut           3%         N/A       100%        7
 Enfeeble                 Hex            10%        N/A       100%        7
 Summon Hydra             Summ           3%         N/A       100%        7
 Dragon's Call            Summ           3%         N/A       100%        9


Dungeon Overview and Level Annotations

Branches:
Dungeon (9/15)             Temple (1/1) D:5
   Lair: D:8-11         Orc: D:9-12

Altars:
Ashenzari
Cheibriados
Dithmenos
Elyvilon
Fedhas
Gozag
Hepliaklqana
Kikubaaqudgha
Makhleb
Nemelex Xobeh
Okawaru
Qazlal
Ru
Sif Muna
Trog
Uskayaw
Vehumet
Wu Jian
Xom
Yredelemnul
Zin
The Shining One

Shops:
D:7 [[?*=


Innate Abilities, Weirdness & Mutations

You are a tree.
Your roots penetrate the ground, keeping you stationary.
You cannot be teleported.
You are immune to unholy pain and torment.
Your maximum health is greatly increased.
Your equipment is partially melded.
You are small and have problems with some larger weapons.
You are completely attuned to the shadows.


Message History

The roots erupt in riotous growth!
Roots grab the boulder beetle.
The grasping roots constrict the boulder beetle, but do no damage.
The boulder beetle struggles to escape constriction.
Okay, then.
Casting: Shock (safe; 1% risk of failure)
Confirm with . or Enter, or press ? or * to list all spells.
Aiming: Inner Flame (dangerous; 8% risk of failure)
Press: ? - help, Dir - move target, f/p - boulder beetle
Aim: a boulder beetle (moderately wounded, very poisoned, constricted by roots, chance to affect: 59%)
The boulder beetle is filled with an inner flame.
The grasping roots constrict the boulder beetle, but do no damage.
Flame seeps out of the boulder beetle.
The boulder beetle struggles to escape constriction.
Casting: Inner Flame (dangerous; 8% risk of failure)
Confirm with . or Enter, or press ? or * to list all spells.
Aiming: Airstrike (dangerous; 4% risk of failure)
Press: ? - help, Dir - move target, f/p - boulder beetle
Aim: a boulder beetle (flame, moderately wounded, inner flame, very poisoned, constricted by roots, empty space bonus: 2/8)
The air twists around and strikes the boulder beetle.
Flame seeps out of the boulder beetle.
The boulder beetle is moderately wounded.
The grasping roots constrict the boulder beetle, but do no damage.
Flame seeps out of the boulder beetle.
The roots release their grip on the boulder beetle.
The boulder beetle is engulfed in blazing flames.
Flame seeps out of the boulder beetle.
Unknown command.
Okay, then.
You feel better.
Flame seeps out of the boulder beetle.
The boulder beetle is engulfed in blazing flames.
Flame seeps out of the boulder beetle.
The boulder beetle bites you!!
* * * LOW HITPOINT WARNING * * *
The boulder beetle leaps!
It was a potion of might.
You feel very mighty all of a sudden.
Flame seeps out of the boulder beetle.
The boulder beetle is engulfed in blazing flames.
Flame seeps out of the boulder beetle.
The boulder beetle bites you.
You die...

# ####.#.#.#.#.# #####
######.#.#....## [..
.......#.##########.####
########.# ####.##.##.#
#.####.'........#
#......##.##)##.#
############.####
###...# #♣##.####
#B##.##.##. #B...B.....
#.##.##.##. ####.####
#(...# ######


You could see 2 boulder beetles.

Vanquished Creatures
  A hornet (D:8)
  2 shadows (D:8)
  2 yaks (D:8)
  2 water moccasins (D:7)
  2 ice beasts
  An orc warrior (D:8)
  A sky beast (D:8)
  A black bear (D:6)
  An ogre (D:7)
  2 centaurs
  A phantom (D:4)
  3 kobold brigands
  4 bullfrogs
  A scorpion (D:5)
  6 killer bees
  An electric eel (D:6)
  3 howler monkeys
  2 hounds (D:5)
  3 orc priests (D:8)
  A sleepcap (D:6)
  A gnoll bouda (D:8)
  3 iguanas
  8 orc wizards
  8 adders
  2 shadow imps (D:5)
  An ufetubus (D:4)
  6 dart slugs
  13 orcs
  3 ball pythons
  7 endoplasms
  2 giant cockroaches (D:3)
  6 goblins
  10 hobgoblins
  2 jackals (D:1)
  28 kobolds
  3 quokkas (D:1)
  3 bats
  3 frilled lizards
  6 rats
155 creatures vanquished.

Vanquished Creatures (others)
  An orc wizard (D:7)
1 creature vanquished.

Grand Total: 156 creatures vanquished

Notes
Turn   | Place    | Note
-------+----------+-------------------------------------------
     0 | D:1      | sizableburger the Kobold Air Elementalist began the quest
                  | for the Orb.
     0 | D:1      | Reached XP level 1. HP: 10/10 MP: 3/3
   418 | D:1      | Reached XP level 2. HP: 15/15 MP: 1/5
   621 | D:1      | You fall into a shaft and drop 1 floor!
   718 | D:2      | Reached XP level 3. HP: 15/19 MP: 0/6
  1017 | D:1      | Upgraded the game from 0.30.0-18-gc0e69614cb to
                  | 0.30.0-19-g36f170ea60
  1504 | D:1      | Learned a level 2 spell: Static Discharge
  1611 | D:2      | Reached XP level 4. HP: 23/24 MP: 1/8
  1958 | D:2      | Learned a level 4 spell: Airstrike
  3048 | D:3      | Reached XP level 5. HP: 28/28 MP: 9/9
  3573 | D:4      | Reached skill level 1 in Short Blades
  3620 | D:4      | Noticed a phantom
  3848 | D:4      | Reached skill level 1 in Fighting
  3848 | D:4      | Reached XP level 6. HP: 34/34 MP: 11/11
  4359 | D:5      | Entered Level 5 of the Dungeon
  4376 | D:5      | Reached XP level 7. HP: 25/40 MP: 13/13
  4487 | D:5      | Found a staircase to the Ecumenical Temple.
  4492 | Temple   | Entered the Ecumenical Temple
  4580 | Temple   | Became a worshipper of the Shining One
  5009 | D:5      | Found a shadowy altar of Dithmenos.
  5075 | D:5      | Learned a level 3 spell: Swiftness
  5893 | D:6      | Reached skill level 5 in Air Magic
  6016 | D:6      | Reached skill level 5 in Spellcasting
  6038 | D:6      | Reached XP level 8. HP: 17/48 MP: 9/15
  7280 | D:7      | Found Talagh's Jewellery Emporium.
  7507 | D:7      | Found Nyghacri's General Store.
  7539 | D:7      | Found Hoetuhu's Armour Emporium.
  7546 | D:7      | Found Vatsosch's Magic Scroll Emporium.
  7574 | D:7      | Reached skill level 5 in Fighting
  7869 | D:7      | Reached XP level 9. HP: 26/55 MP: 11/18
  8484 | D:7      | Found Kitutyl's Armour Emporium.
  8805 | D:8      | Found an ornate altar of the Wu Jian Council.
  8841 | D:8      | HP: 2/56 [yak (11)]
  9371 | D:8      | Learned a level 3 spell: Inner Flame
  9867 | D:8      | Reached skill level 1 in Hexes
  9867 | D:8      | Reached skill level 1 in Fire Magic
 10197 | D:8      | Reached skill level 5 in Dodging
 10270 | D:8      | Reached * piety under the Shining One
 10275 | D:8      | Reached XP level 10. HP: 49/63 MP: 12/20
 10305 | D:8      | Paralysed by a hornet for 2 turns
 10307 | D:8      | Noticed a boulder beetle
 10318 | D:8      | Noticed a cyclops
 10703 | D:8      | Noticed a boulder beetle
 10719 | D:8      | HP: 1/96 [boulder beetle (18)]
 10720 | D:8      | Slain by a boulder beetle

Illustrated notes

Levels and vault maps discovered:
D:1:      lightli_arrival_noodles, layout_basic, serial_glass, glass_columns_b,
          glass_columns_b, glass_columns_a, glass_columns_c, glass_columns_b,
          glass_columns_b
D:2:      layout_rooms
D:3:      layout_basic, minmay_misc_feat_four_crosses
D:4:      layout_loops_ring
D:5:      layout_cave_pools, nicolae_dithmenos_through_a_glass_darkly,
          temple_statues
D:6:      layout_basic, serial_bayou, serial_bayou_pond_a, serial_bayou_ford_a,
          serial_bayou_pond_d, serial_bayou_pond_c, serial_bayou_pond_e
D:7:      layout_basic, serial_shops, shop, shop_coins, nicolae_shop_stone,
          shop_fountains, nicolae_shop_gaudy_bauble
D:8:      hangedman_cross_veins, layout_loops_corners,
          mainiacjoe_overflow_tiny_flanked
D:9:      layout_layer_cave
Temple:   nicolae_temple_bog_church

Skill      XL: |  1  2  3  4  5  6  7  8  9 10 |
---------------+-------------------------------+-----
Stealth        | 3 |  3.2
Dodging        | 3 5 6 |  6.0
Conjurations   | 2 |  2.0
Spellcasting   | 3 4 5 6 7 |  7.2
Short Blades   | 1 |  1.2
Fighting       | 1 2 4 5 7 |  7.7
Air Magic      | 4 5 6 7 |  7.2
Hexes          | 2 3 |  3.2
Fire Magic     | 2 3 |  3.2

Action                     |  1- 3 |  4- 6 |  7- 9 | 10-12 || total
---------------------------+-------+-------+-------+-------++-------
  Melee: Unarmed           |    29 |       |       |       ||    29
         Dagger            |       |    75 |   186 |    14 ||   275
         Punch             |       |     1 |     2 |       ||     3
   Cast: Shock             |    75 |    56 |    24 |     7 ||   162
         Static Discharge  |       |     2 |    42 |       ||    44
         Airstrike         |       |       |    15 |     7 ||    22
         Inner Flame       |       |       |     7 |     2 ||     9
  Evoke: Wand              |       |       |       |     2 ||     2
    Use: Scroll            |       |    12 |    10 |     1 ||    23
         Potion            |       |       |     4 |     5 ||     9
   Stab: Sleeping          |       |    19 |       |       ||    19
         Distracted        |       |     1 |       |       ||     1
 Armour: Robe              |     7 |     7 |    58 |     4 ||    76
  Dodge: Dodged            |    88 |    51 |   201 |    13 ||   353
